 Dungeon Crawl Stone Soup version 0.19-a0-1704-gbd66c22 (webtiles) character file.

11974 Djon the Impaler (level 11, -1/72 HPs)
             Began as a Merfolk Gladiator on Sept 27, 2016.
             Was a High Priest of Okawaru.
             Succumbed to a redback's poison
             ... in a labyrinth.
             The game lasted 00:33:16 (11309 turns).

Djon the Impaler (Merfolk Gladiator)               Turns: 11309, Time: 00:33:17

Health: -1/72      AC: 12    Str: 13 (15) XL:     11   Next: 86%
Magic:  11/11      EV: 24    Int:  4 (7)  God:    Okawaru [*****.]
Gold:   684        SH:  0    Dex: 20 (22) Spells: 3 memorised, 4 levels left

rFire  . . .     SeeInvis +     b - +1 halberd
rCold  . . .     Gourm    .     s - +0 ring mail
rNeg   . . .     Faith    .     (shield currently unavailable)
rPois  .         Spirit   .     c - +0 helmet
rElec  .         Dismiss  +     p - +2 cloak
rCorr  .         Reflect  .     U - +1 pair of gloves {Dex+3}
MR     ++...     Harm     .     (no boots)
Stlth  +......... Clarity  +    D - amulet of dismissal
                                A - +4 ring of evasion
                                y - ring of protection from magic

@: lethally poisoned (-1 -> -50)
A: change form in water, swift swim, stealthy swim, see invisible, clarity,
magic resistance 1
a: Heroism, Finesse, Renounce Religion


You were in a labyrinth.
You worshipped Okawaru.
Okawaru was extremely pleased with you.
You were not hungry.

You visited 2 branches of the dungeon, and saw 12 of its levels.
You also visited: Labyrinth.

You collected 684 gold pieces.

Inventory:

Hand Weapons
 b - a +1 halberd (weapon)
Missiles
 l - 5 throwing nets (quivered)
 K - 6 javelins
 N - 3 curare-tipped needles
Armour
 c - a +0 helmet (worn)
 p - a +2 cloak (worn)
 s - a +0 ring mail (worn)
 P - a troll hide {Snorg}
 U - a +1 pair of gloves of dexterity (worn)
Jewellery
 y - a ring of protection from magic (left hand)
 A - a +4 ring of evasion (right hand)
 D - an amulet of dismissal (around neck)
Wands
 J - a wand of acid (9/15)
Scrolls
 a - a scroll of enchant armour
 d - a scroll of enchant weapon
 e - 4 scrolls of remove curse
 j - 14 scrolls of identify
 m - a scroll of silence {unknown}
 w - 4 scrolls of amnesia
 C - 2 scrolls of noise
 E - 2 scrolls of fog
 G - a scroll of teleportation
 V - a scroll of immolation {unknown}
Potions
 g - a potion of heal wounds {unknown}
 h - a potion of might
 k - a potion of curing {unknown}
 q - a potion of cure mutation {unknown}
 r - 3 potions of flight
 Q - 3 potions of agility
 R - a potion of mutation {unknown}
Books
 o - a book of Callings

   Spells                             Type                      Level
   a - Summon Small Mammal            Summoning                    1
   b - Call Imp                       Summoning                    2
   c - Call Canine Familiar           Summoning                    3
   d - Summon Guardian Golem          Hexes/Summoning              3
   e - Summon Lightning Spire         Summoning/Air                4
   f - Summon Ice Beast               Ice/Summoning                4
 M - a book of Fire

   Spells                             Type                      Level
   a - Ignite Poison                  Fire/Transmutation/Poison    3
   b - Fireball                       Conjuration/Fire             5
   c - Bolt of Fire                   Conjuration/Fire             6
   d - Delayed Fireball               Conjuration/Fire             7
   e - Ring of Flames                 Charms/Fire                  7
 T - a book of Battle

   Spells                             Type                      Level
   a - Infusion                       Charms                       1
   b - Shroud of Golubria             Charms/Translocation         2
   c - Song of Slaying                Charms                       2
   d - Spectral Weapon                Hexes/Charms                 3
   e - Regeneration                   Charms/Necromancy            3
 X - a book of Cantrips

   Spells                             Type                      Level
   a - Confusing Touch                Hexes                        1
   b - Animate Skeleton               Necromancy                   1
   c - Summon Small Mammal            Summoning                    1
   d - Apportation                    Translocation                1
Miscellaneous
 Y - a phial of floods
Comestibles
 f - 2 bread rations
 z - 3 meat rations
 B - 3 slices of pizza
 H - 5 fruits
 I - 2 beef jerkies
 S - 9 royal jellies


   Skills:
 - Level 2.1 Fighting
 * Level 20.2 Polearms
 - Level 2.0 Throwing
 + Level 13.3 Dodging


You had 4 spell levels left.
You knew the following spells:

 Your Spells              Type           Power        Failure   Level  Hunger
a - Regeneration          Chrm/Necr      #.........   100%        3    ####...
b - Song of Slaying       Chrm           #.......     99%         2    ###....
c - Animate Skeleton      Necr           N/A          95%         1    ##.....


Dungeon Overview and Level Annotations

Branches:
Dungeon (11/15)            Temple (1/1) D:5            Lair (0/6) D:11
    Orc (0/2) D:9

Altars:
Ashenzari
Cheibriados
Elyvilon
Fedhas
Gozag
Hepliaklqana
Kikubaaqudgha
Makhleb
Nemelex Xobeh
Okawaru
Qazlal
Ru
Sif Muna
Trog
Uskayaw
Vehumet
Xom
Yredelemnul
Zin
The Shining One

Shops:
D:11 *


Innate Abilities, Weirdness & Mutations

You revert to your normal form in water.
You are very nimble and swift while swimming.
You are very stealthy in the water.
You have supernaturally acute eyesight. (SInv)
You possess an exceptional clarity of mind.
You are resistant to hostile enchantments. (MR+)


Message History

* * * LOW HITPOINT WARNING * * *
You feel very sick.
It was a potion of lignification.
You turn into a tree.
Your +2 cloak melds into your body.
Your +0 helmet melds into your body.
Your +1 pair of gloves of dexterity melds into your body.
Your +0 ring mail melds into your body.
You feel clumsy.
Your roots penetrate the ground.
* * * LOW HITPOINT WARNING * * *
You feel very sick.
It was a potion of cancellation.
Your magical effects are unravelling.
You feel magically purged.
You feel less woody.
Your +2 cloak unmelds from your body.
Your +0 helmet unmelds from your body.
Your +1 pair of gloves of dexterity unmelds from your body.
Your +0 ring mail unmelds from your body.
You feel agile.
You feel a little less mighty now.
You feel a little less clever now.
You die...

# # .# #
# ## .# .
# #...# .
# ### #.
#. .#.# #
##.# #
... #
#.######
#....@.#
###.##..#
..# #.#
..#. s
..# #. ..
.. .# #
##/ =## #
.s .. #


There were no monsters in sight!

Vanquished Creatures
  Snorg (D:10)
  A minotaur (Lab)
  Harold (D:10)
  Erica (D:8)
  A hill giant (D:10)
  Maurice (D:10)
  A gargoyle (D:10)
  A troll (D:10)
  2 hippogriffs
  A redback (Lab)
  2 shadows
  4 yaks (D:10)
  A wyvern (D:9)
  9 hungry ghosts
  A mottled dragon (D:11)
  The ghost of Djon the Charmwright, an amateur HESk (D:4)
  Edmund (D:6)
  A water moccasin (D:7)
  5 orc warriors
  An ice beast (D:10)
  4 sky beasts
  A black bear (D:9)
  A necrophage (D:10)
  A sky beast (shapeshifter) (D:11)
  6 ogres
  2 phantoms
  3 centaurs
  A wyvern zombie (D:10)
  2 bullfrogs
  A water moccasin skeleton (D:10)
  2 scorpions
  5 killer bees (D:9)
  8 howler monkeys
  6 jellies
  A bullfrog zombie (D:6)
  4 crimson imps
  Crazy Yiuf (D:2)
  9 orc priests
  2 bullfrog skeletons
  3 hounds
  8 orc wizards
  A gnoll shaman (D:4)
  Jessica (D:2)
  3 iguanas
  5 worker ants
  Ijyb (D:3)
  2 hound skeletons
  2 worker ant zombies
  9 gnolls
  9 adders
  5 oozes (D:10)
  An adder skeleton (D:7)
  2 worms
  2 dart slugs
  7 leopard geckos
  48 orcs
  3 giant cockroaches
  7 goblins
  9 hobgoblins
  5 jackals
  4 quokkas
  12 bats
  4 frilled lizards
  5 kobolds
  A leopard gecko skeleton (D:6)
  5 rats
261 creatures vanquished.

Notes
Turn   | Place    | Note
-------+----------+-------------------------------------------
     0 | D:1      | Djon the Merfolk Gladiator began the quest for the Orb.
     0 | D:1      | Reached XP level 1. HP: 16/16 MP: 1/1
    98 | D:1      | Reached skill level 5 in Polearms
   147 | D:1      | Reached XP level 2. HP: 11/22 MP: 2/2
   943 | D:2      | Noticed Jessica
   950 | D:2      | Killed Jessica
   950 | D:2      | Reached skill level 6 in Polearms
   950 | D:2      | Reached XP level 3. HP: 27/27 MP: 3/3
  1095 | D:2      | Reached skill level 7 in Polearms
  1095 | D:2      | Reached XP level 4. HP: 31/33 MP: 4/4
  1192 | D:2      | Found a runed door.
  1196 | D:2      | Noticed Crazy Yiuf
  1212 | D:2      | Killed Crazy Yiuf
  1935 | D:3      | Reached skill level 8 in Polearms
  1935 | D:3      | Reached XP level 5. HP: 38/38 MP: 5/5
  2478 | D:3      | Reached skill level 9 in Polearms
  2545 | D:3      | Noticed Ijyb
  2566 | D:3      | Killed Ijyb
  2566 | D:3      | Reached XP level 6. HP: 44/44 MP: 6/6
  3057 | D:4      | Found an opulent altar of Gozag.
  3239 | D:4      | Reached skill level 10 in Polearms
  3256 | D:4      | Noticed Djon's ghost (amateur HESk)
  3294 | D:4      | Gained mutation: You possess an exceptional clarity of mind. [potion of beneficial mutation]
  3314 | D:4      | Killed Djon's ghost
  3314 | D:4      | Reached skill level 5 in Dodging
  3314 | D:4      | Reached XP level 7. HP: 17/50 MP: 7/7
  4230 | D:5      | Entered Level 5 of the Dungeon
  4273 | D:5      | Reached skill level 11 in Polearms
  4445 | D:5      | Found a staircase to the Ecumenical Temple.
  4484 | Temple   | Entered the Ecumenical Temple
  4621 | Temple   | Became a worshipper of Warmaster Okawaru
  4795 | D:5      | Reached XP level 8. HP: 56/56 MP: 8/8
  4887 | D:5      | Reached skill level 12 in Polearms
  4894 | D:5      | Gained mutation: You are covered in fur. (AC +1) [mutagenic meat]
  4897 | D:5      | Gained mutation: You are resistant to hostile enchantments. (MR+) [mutagenic meat]
  5014 | D:5      | Lost mutation: You are covered in fur. (AC +1) [mutagenic meat]
  5017 | D:5      | Gained mutation: You have supernaturally acute eyesight. (SInv) [mutagenic meat]
  5030 | D:5      | You fall through a shaft for 2 floors!
  5122 | D:6      | Noticed Edmund
  5148 | D:6      | Killed Edmund
  5249 | D:6      | Reached * piety under Okawaru
  5404 | D:6      | Found a shimmering altar of Xom.
  5426 | D:6      | Reached skill level 13 in Polearms
  5799 | D:5      | Found a white marble altar of Elyvilon.
  5808 | D:5      | Found a hide-covered altar of Uskayaw.
  5809 | D:5      | Found a radiant altar of Vehumet.
  5811 | D:5      | Found a blossoming altar of Fedhas.
  5812 | D:5      | Found a burning altar of Makhleb.
  5815 | D:5      | Found a snail-covered altar of Cheibriados.
  6377 | D:6      | Reached ** piety under Okawaru
  6377 | D:6      | Reached XP level 9. HP: 54/61 MP: 9/9
  6464 | D:6      | Found a sacrificial altar of Ru.
  6474 | D:6      | Found a basalt altar of Yredelemnul.
  6506 | D:6      | Reached skill level 14 in Polearms
  7132 | D:7      | Reached skill level 15 in Polearms
  7529 | D:8      | Noticed Erica
  7578 | D:8      | Killed Erica
  7578 | D:8      | Reached skill level 16 in Polearms
  7837 | D:8      | Reached skill level 10 in Dodging
  7837 | D:8      | Reached XP level 10. HP: 67/67 MP: 10/10
  7856 | D:8      | Reached *** piety under Okawaru
  7968 | D:8      | Found a deep blue altar of Sif Muna.
  8504 | D:9      | Found a staircase to the Orcish Mines.
  8715 | D:9      | Reached skill level 17 in Polearms
  8944 | D:9      | Reached **** piety under Okawaru
  9248 | D:10     | Entered Level 10 of the Dungeon
  9283 | D:10     | Noticed Harold
  9287 | D:10     | Noticed a gargoyle
  9327 | D:10     | Killed Harold
  9474 | D:10     | Reached skill level 18 in Polearms
  9492 | D:10     | Noticed Snorg
  9515 | D:10     | Killed Snorg
  9515 | D:10     | Reached XP level 11. HP: 23/72 MP: 11/11
  9624 | D:10     | Noticed Maurice
  9650 | D:10     | Killed Maurice
  9655 | D:10     | Reached ***** piety under Okawaru
  9905 | D:10     | Noticed a hill giant
  9909 | D:10     | Killed a hill giant
  9909 | D:10     | Reached skill level 19 in Polearms
 10276 | D:10     | Received a gift from Okawaru
 10919 | D:11     | Found Atupe's Assorted Antiques.
 10940 | D:11     | Noticed a hill giant
 10950 | D:11     | Found a labyrinth entrance.
 10957 | Lab      | Entered a labyrinth
 11047 | Lab      | Noticed a minotaur
 11058 | Lab      | Killed a minotaur
 11129 | Lab      | Reached skill level 20 in Polearms
 11238 | Lab      | Learned a level 3 spell: Regeneration
 11241 | Lab      | Learned a level 2 spell: Song of Slaying
 11243 | Lab      | Learned a level 1 spell: Animate Skeleton
 11308 | Lab      | HP: 5/108 [poisoned by a redback]
 11309 | Lab      | Succumbed to a redback's poison

Vault maps used:
D:1:      minmay_arrival_four_loops
D:2:      uniq_jessica, uniq_crazy_yiuf_cottage
D:3:      first_bread, uniq_iyjb
D:4:      grunt_gozag_breadcrumbs
D:5:      minitemple
D:6:      brannock_xom_greatest_gift, amethyst_overflow_temple_binary,
          uniq_edmund
D:8:      lemuel_blue_sif_altar, uniq_erica
D:9:      hiddenorc2_lemuel
D:10:     hangedman_little_slice_of_home, uniq_maurice, uniq_snorg, uniq_harold
D:11:     cheibrodos_elevator_heist, david_lair_shrubbed, serial_shops, shop,
          lab_entry_generic, lemuel_statue_altar
Temple:   dpeg_chambers_temple
Lab:      lab_statue, labyrinth_lava_lair, labyrinth_fake_exit,
          nicolae_lab_starburst, nicolae_lab_flowing_pool, nicolae_lab_do_over,
          labyrinth_skeletal_remains, nicolae_lab_lava, nicolae_lab_quarters,
          nicolae_lab_big_swirl

Skill      XL: |  1  2  3  4  5  6  7  8  9 10 11 |
---------------+----------------------------------+-----
Polearms       | 5 6 7 8 9 10 11 13 16 18 20 | 20.2
Dodging        | 5 6 8 10 11 13 | 13.3
Fighting       | |  2.1
Throwing       | |  2.0

Action                   |  1- 3 |  4- 6 |  7- 9 | 10-12 || total
-------------------------+-------+-------+-------+-------++-------
Melee: Trident           |    93 |   254 |   411 |       ||   758
       Halberd           |       |       |       |   534 ||   534
 Fire: Hunting sling     |       |    17 |       |       ||    17
Throw: Throwing net      |       |     1 |     2 |     2 ||     5
       Tomahawk          |       |     4 |    12 |       ||    16
       Javelin           |       |       |     2 |     1 ||     3
Invok: Heroism           |       |       |       |     7 ||     7
Evoke: Wand              |       |       |       |    14 ||    14
  Use: Potion            |       |     2 |       |     5 ||     7
       Scroll            |       |       |    10 |     2 ||    12
 Stab: Sleeping          |     1 |     1 |       |     1 ||     3
       Held in net/web   |       |       |     1 |     4 ||     5
       Distracted        |       |       |       |     1 ||     1
  Eat: Chunk             |       |     7 |    15 |     9 ||    31
       Bread ration      |       |       |     1 |       ||     1
       Royal jelly       |       |       |       |     2 ||     2
       Fruit             |       |       |       |     2 ||     2
       Meat ration       |       |       |       |     1 ||     1
       Beef jerky        |       |       |       |     1 ||     1
Armor: Leather armour    |    24 |    15 |       |       ||    39
       Ring mail         |       |    50 |    58 |    66 ||   174
Dodge: Dodged            |    42 |   140 |   182 |   347 ||   711
